 Dungeon Crawl Stone Soup version 0.24-a0-698-g60d090ba07 (webtiles) character file.

179 Elpoyo the Cudgeler (level 5, -8/54 HPs)
             Began as a Troll Chaos Knight on Dec 14, 2014.
             Was a Plaything of Xom.
             Mangled by an orc warrior
             ... wielding a +0 halberd
              (11 damage)
             ... on level 2 of the Dungeon on Oct 8, 2020.
             The game lasted 00:09:32 (774 turns).

Elpoyo the Cudgeler (Troll Chaos Knight)             Turns: 774, Time: 00:09:33

Health: -8/54      AC:  7    Str: 20    XL:     5   Next: 32%
Magic:  4/4        EV:  9    Int:  8    God:    Xom [..*...]
Gold:   63         SH:  0    Dex: 10    Spells: 4/4 levels left

rFire    . . .     SeeInvis .   a - +0 mace (chaos)
rCold    . . .     Gourm    +   (no shield)
rNeg     . . .     Faith    .   b - +2 robe
rPois    .         Spirit   .   (helmet restricted)
rElec    .         Reflect  .   (no cloak)
rCorr    .         Harm     .   (gloves unavailable)
MR       .....                  (boots unavailable)
Stlth    +.........             (no amulet)
HPRegen  0.98/turn              (no ring)
MPRegen  0.09/turn              (no ring)

@: no status effects
A: large, unfitting armour, claws 3, fast metabolism 3, gourmand, regeneration
2, shaggy fur 1, tough skin 2
a: Renounce Religion


You were on level 2 of the Dungeon.
You worshipped Xom.
You were a toy of Xom.
You were not hungry.

You visited 1 branch of the dungeon, and saw 2 of its levels.

You collected 63 gold pieces.

Inventory:

Hand Weapons
 a - a +0 mace of chaos (weapon)
Armour
 b - a +2 robe (worn)
Jewellery
 h - an uncursed amulet of rage {unknown}
Scrolls
 d - 3 scrolls of identify {unknown}
 f - a scroll of blinking {unknown}
 g - a scroll of noise {unknown}
 i - a scroll of enchant weapon {unknown}
 j - a scroll of random uselessness {unknown}
 k - 2 scrolls of teleportation {unknown}
 l - a scroll of remove curse {unknown}
Potions
 e - a potion of brilliance {unknown}
Comestibles
 c - 3 rations


   Skills:
 + Level 4.0 Fighting
 + Level 4.3 Maces & Flails
 - Level 1.5 Armour
 - Level 0.7 Dodging


You had 4 spell levels left.
You didn't know any spells.
Your spell library was empty.

Dungeon Overview and Level Annotations

Branches:
Dungeon (2/15)

Altars:
Trog


Innate Abilities, Weirdness & Mutations

You are too large for most types of armour.
You have claws for hands.
Your metabolism is lightning-fast.
You like to eat raw meat.
You heal very quickly.
You are covered in fur. (AC +1)
You have very tough skin. (AC +2)


Message History

The orc warrior is severely wounded.
The orc warrior closely misses you.
You barely miss the orc warrior.
The orc warrior is severely wounded.
The orc warrior hits you with a +0 halberd!
You hit the orc warrior but do no damage.
The orc warrior is severely wounded.
The orc warrior hits you with a +0 halberd!
You hit the orc warrior but do no damage.
The orc warrior is poisoned.
The orc warrior is severely wounded.
The orc warrior hits you with a +0 halberd!
You are too injured to fight recklessly!
You barely miss the orc warrior.
The orc warrior is severely wounded.
The orc warrior hits you with a +0 halberd!!
* * * LOW HITPOINT WARNING * * *
The orc warrior hits you from afar with a +0 halberd!
You die...
Xom thinks this is hilarious!

#.....##....>.......[...
###.....##.##.#)..#.####..
#..........##.....#.# ##.
#.......#######...#.#####.
##...###....†..#.........#.
#8...8####.###.#.###.###(..
##[..## #.#...#.# #.# #..#
#...# #######.#.###+###^.#
##...###<.@.o.<..###_+...(#
#8...8##.........###+###..#
##...########....# #.# #.##
#...##8###8#....###.###...
##........................#
#⌠............#####.......#
##............# #####.###
#...##8###8#.# #..#
#...#### ###.# ##.#


You could see an orc warrior.

Vanquished Creatures
  A swamp drake (shapeshifter) (D:1)
  An orc wizard (D:1)
  2 adders
  A dart slug (D:2)
  A leopard gecko (D:2)
  An orc (D:1)
  A ball python (D:2)
  2 giant cockroaches
  2 hobgoblins
  4 jackals (D:1)
  3 bats (D:1)
  A frilled lizard (D:1)
  2 goblins (D:1)
  2 kobolds
  5 rats (D:1)
29 creatures vanquished.

Notes
Turn   | Place    | Note
-------+----------+-------------------------------------------
     0 | D:1      | Elpoyo, the Troll Chaos Knight, began the quest for the
                  | Orb.
     0 | D:1      | Reached XP level 1. HP: 22/22 MP: 1/1
    81 | D:1      | Reached XP level 2. HP: 29/29 MP: 1/1
   263 | D:1      | XOM: divination: detect creatures
   399 | D:1      | XOM: cast spell 'Olgreb's Toxic Radiance'
   451 | D:2      | Found a bloodstained altar of Trog.
   498 | D:2      | Reached XP level 3. HP: 36/37 MP: 2/2
   628 | D:2      | Noticed an orc warrior
   685 | D:2      | XOM: potion effect (heal wounds)
   690 | D:1      | XOM: divination: magic mapping
   694 | D:1      | Reached XP level 4. HP: 34/45 MP: 3/3
   705 | D:1      | Noticed a shapeshifter
   705 | D:1      | an orc wizard changed into a shapeshifter
   705 | D:1      | Noticed a blink frog
   705 | D:1      | a shapeshifter changed into a blink frog
   707 | D:1      | Noticed a bullfrog
   707 | D:1      | a blink frog changed into a bullfrog
   709 | D:1      | Noticed a swamp drake
   709 | D:1      | a bullfrog changed into a swamp drake
   714 | D:1      | Killed a swamp drake
   714 | D:1      | Reached XP level 5. HP: 21/54 MP: 4/4
   760 | D:2      | XOM: divination: detect creatures
   773 | D:2      | HP: 2/54 [orc warrior/+0 halberd (20)]
   774 | D:2      | Mangled by an orc warrior

Levels and vault maps discovered:
D:1:      lordsloth_arrival_two_stooges, grunt_decor_resistance
D:2:      layout_basic, lemuel_doored_altar, serial_corexii_hall,
          corexii_hall_statues_u, corexii_hall_statues_i,
          corexii_hall_statues_t, corexii_hall_statues_t,
          minmay_misc_feat_enclosed

Skill      XL: |  1  2  3  4  5 |
---------------+----------------+-----
Maces & Flails | 3 4 |  4.3
Fighting       | 3 4 |  4.0
Armour         | |  1.5
Dodging        | |  0.7

Action                   |  1- 3 |  4- 6 || total
-------------------------+-------+-------++-------
Melee: Mace              |    18 |       ||    18
       Mace              |    63 |    28 ||    91
 Stab: Confused          |     1 |       ||     1
       Sleeping          |     1 |       ||     1
  Eat: Chunk             |     4 |       ||     4
       Chunk             |     1 |       ||     1
Armor: Robe              |    41 |     2 ||    43
Dodge: Dodged            |    38 |    15 ||    53

Table legend:
 A = Non-vault XP
 B = Vault XP
 C = Vault XP percentage of total XP
 D = Non-vault monster count
 E = Vault monster count
 F = Vault count percentage of total count
                 A         B        C        D         E       F
            +---------+---------+-------+---------+---------+-------
      Total |     230 |       0 |   0.0 |      11 |       0 |   0.0
            +---------+---------+-------+---------+---------+-------
        D:1 |     203 |       0 |   0.0 |       4 |       0 |   0.0
        D:2 |      27 |       0 |   0.0 |       7 |       0 |   0.0
            +---------+---------+-------+---------+---------+-------
